 Dungeon Crawl Stone Soup version 0.20-a0-633-gff4aa5c (webtiles) character file.

156 w00t the Skirmisher (level 5, -1/46 HPs)
             Began as a Demonspawn Fighter on Feb 11, 2017.
             Slain by a black bear (3 damage)
             ... on level 4 of the Dungeon.
             The game lasted 00:01:57 (4062 turns).

w00t the Skirmisher (Demonspawn Fighter)            Turns: 4062, Time: 00:01:57

Health: -1/46      AC:  6    Str: 17    XL:     5   Next: 15%
Magic:  5/5        EV:  6    Int: 10    God:
Gold:   156        SH:  8    Dex: 12    Spells: 4/4 levels left

rFire    . . .     SeeInvis .   a - +0 flail
rCold    . . .     Gourm    .   b - +0 scale mail
rNeg     . . .     Faith    .   c - +0 shield
rPois    .         Spirit   .   (helmet restricted)
rElec    .         Reflect  .   (no cloak)
rCorr    .         Harm     .   (no gloves)
MR       .....                  (no boots)
Stlth    +.........             (no amulet)
Regen    0.2/turn               (no ring)
                                (no ring)

@: flying
A: horns 2, nightstalker 1, robust 1, wild magic 1, rot immunity
a: no special abilities


You were on level 4 of the Dungeon.
You were not hungry.

You visited 1 branch of the dungeon, and saw 4 of its levels.

You collected 156 gold pieces.

Inventory:

Hand Weapons
 a - a +0 flail (weapon)
Missiles
 j - 147 stones (quivered)
 t - 4 javelins
Armour
 b - a +0 scale mail (worn)
 c - a +0 shield (worn)
Jewellery
 q - a cursed ring of resist corrosion {unknown}
Wands
 n - a wand of random effects (28/48)
Scrolls
 e - a scroll of enchant weapon {unknown}
 i - 5 scrolls of remove curse {unknown}
 k - 2 scrolls of identify {unknown}
 l - a scroll of recharging {unknown}
 m - a scroll of fear {unknown}
 o - a scroll of enchant armour {unknown}
 r - 2 scrolls of random uselessness {unknown}
 s - a scroll of immolation {unknown}
Potions
 d - a potion of might
 p - a potion of curing {unknown}
 u - 2 potions of invisibility {unknown}
Comestibles
 f - 3 bread rations
 g - a fruit
 v - a meat ration


   Skills:
 * Level 4.2 Fighting
 * Level 3.6 Maces & Flails
 + Level 3.2 Armour
 - Level 2.6 Shields


You had 4 spell levels left.
You didn't know any spells.

Dungeon Overview and Level Annotations

Branches:
Dungeon (4/15)             Temple (0/1) D:4

Altars:
Hepliaklqana
Okawaru
Sif Muna


Innate Abilities, Weirdness & Mutations

You have a pair of horns on your head.
You are slightly more attuned to the shadows.
You are immune to rotting.
You are robust. (+10% HP)
Your spells are a little harder to cast, but a little more powerful.


Message History

A black bear is nearby!
You hit the black bear but do no damage.
The black bear is severely wounded.
The black bear bites you!
* * * LOW HITPOINT WARNING * * *
You block the black bear's attack. The black bear claws you.
* * * LOW HITPOINT WARNING * * *
The black bear completely misses you.
The black bear claws you but does no damage.
You block the black bear's attack.
It was a potion of flight.
You feel very buoyant.
You fly up into the air.
The black bear bites you.
* * * LOW HITPOINT WARNING * * *
The black bear claws you.
* * * LOW HITPOINT WARNING * * *
The black bear claws you.
* * * LOW HITPOINT WARNING * * *
You block the black bear's attack. The black bear claws you.
You die...

#.# #.# #.# #.#
##.#### #.#
##.....## #.#
##.[.....## #.#
#...###...## #.#
#..##.##...## #.#
#..#h.%##...###.#
#..@...%##......#
#################


You could see a black bear (berserk).

Vanquished Creatures
  2 worker ants (D:3)
  3 adders
  2 oozes
  An adder skeleton (D:4)
  2 worms
  A dart slug (D:4)
  A leopard gecko (D:1)
  An orc (D:3)
  8 giant cockroaches
  6 goblins
  4 hobgoblins
  2 jackals (D:2)
  8 kobolds
  A quokka (D:3)
  A ball python (D:3)
  8 bats
  3 frilled lizards
  11 rats
65 creatures vanquished.

Notes
Turn   | Place    | Note
-------+----------+-------------------------------------------
     0 | D:1      | w00t the Demonspawn Fighter began the quest for the Orb.
     0 | D:1      | Reached XP level 1. HP: 18/18 MP: 1/1
   156 | D:1      | Gained mutation: You have a pair of small horns on your head. [demonic ancestry]
   156 | D:1      | Reached XP level 2. HP: 24/24 MP: 2/2
   857 | D:2      | Found a hazy altar of Hepliaklqana.
   904 | D:2      | Gained mutation: You are slightly more attuned to the shadows. [demonic ancestry]
   904 | D:2      | Reached XP level 3. HP: 9/29 MP: 3/3
  2023 | D:2      | Gained mutation: Your spells are a little harder to cast, but a little more powerful. [potion of mutation]
  2023 | D:2      | Gained mutation: You have a pair of horns on your head. [potion of mutation]
  2023 | D:2      | Gained mutation: You are robust. (+10% HP) [potion of mutation]
  2169 | D:2      | Reached XP level 4. HP: 38/39 MP: 4/4
  3120 | D:3      | Reached skill level 4 in Fighting
  3120 | D:3      | Gained mutation: You are immune to rotting. [demonic ancestry]
  3120 | D:3      | Reached XP level 5. HP: 26/46 MP: 5/5
  3471 | D:4      | Found an iron altar of Okawaru.
  3545 | D:4      | Found a staircase to the Ecumenical Temple.
  3671 | D:4      | Found a deep blue altar of Sif Muna.
  4054 | D:4      | Noticed a black bear
  4062 | D:4      | HP: 2/46 [black bear (5)]
  4062 | D:4      | Slain by a black bear

Vault maps used:
D:1:      minmay_arrival_stone_box
D:2:      lemuel_round_altar
D:4:      black_bear_nest_2, kennysheep_mini_moat, led_sif_pool, temple_green,
          first_bread

Skill      XL: |  1  2  3  4 |
---------------+-------------+-----
Maces & Flails | 2 3 |  3.6
Armour         | 3 |  3.2
Fighting       | 4 |  4.2
Shields        | |  2.6

Action                   |  1- 3 |  4- 6 || total
-------------------------+-------+-------++-------
Melee: Flail             |   133 |    74 ||   207
       Headbutt          |     7 |    10 ||    17
Throw: Stone             |    50 |    52 ||   102
  Use: Potion            |     2 |     1 ||     3
  Eat: Chunk             |     4 |     4 ||     8
       Bread ration      |       |     1 ||     1
Armor: Scale mail        |    63 |    29 ||    92
Dodge: Dodged            |    37 |    18 ||    55
Block: Shield            |    70 |    35 ||   105
